cohdb
Replays
Latest Replays
All Replays
Popular Replays
Top Player Replays
Match Explorer
How It Works
Community
CoH3 Stats
Reddit
Sign in to upload your games and track your stats! →
Sign in with Steam
Match 20192282
Unlisted
Match 20192282
Overview
Messages
Build Orders
End
Panzerpioneer Squad
Selects Italian Infantry
250 Light Carrier
Panzergrenadier Squad
Construct Light Support Kompanie
MG34 Team
Selects Guastatori Squad
Guastatori Squad
Panzerjäger Mechanized Group
Panzerpioneer Squad
Fire Support Elements
2.5-tonne Medical Truck
Combat Half-tracks
Selects Defensive Operations
Pak 38 Mechanized Group
Pak 38 Anti-tank Gun Team
Veteran Squad Leaders
Selects Prepared Positions
MG34 Team
2.5-tonne Medical Truck
Selects Obice 305mm Barrage
Pak 38 Mechanized Group
Construct Panzerarmee Kommand
Selects L6/40 Light Tank Combat Group
Selects Towed Cannone da 105/28 Field Howitzer
Armored Reserves
AI Takeover
Cknight 70th
b1ackie360
崔小海
MonoChrome
0
0
Comments
sign in to comment!
No comments posted yet!